Map: Fields of Death

Players

KoralT

  • Race: Terran Terran

lVlagic

  • Race: Zerg Zerg
  • League: Diamond

IIIIIIIIIIII

  • Race: Protoss Protoss
  • League: Diamond

Tenonee

  • Race: Protoss Protoss

VOD

Have the link to the VOD?

Description

Time

  • Played on: July 18, 2016, 11:20 a.m.
  • Length: 1:38
Show
View Real Time Build Order
Export as new Build Order

KoralT Terran 

Build Orders:  

Get SALT Encoding   

  12  0:01  SCV  
  13  0:13  SCV  
  14  0:19  Supply Depot  
  14  0:25  SCV  
  15  0:41  SCV  
  15  0:42  Barracks  
  16  0:46  Refinery  
  16  0:53  SCV  
  17  1:05  SCV  
  18  1:17  SCV  
Show
View Real Time Build Order
Export as new Build Order

lVlagic Zerg 

Build Orders: Hatch First 

Get SALT Encoding   

  12  0:01  Drone  
  13  0:12  Overlord  
  13  0:18  Drone  
  14  0:31  Drone x2  
  17  0:35  Drone  
  17  0:53  Hatchery  
  16  1:08  Spawning Pool, Drone  
  16  1:12  Drone  
  16  1:16  Drone  
  18  1:20  Drone  
  18  1:25  Extractor  
Show
View Real Time Build Order
Export as new Build Order

IIIIIIIIIIII Protoss 

Build Orders:  

Get SALT Encoding   

  12  0:01  Probe (Chrono Boost)  
  13  0:11  Probe (Chrono Boost)  
  14  0:20  Pylon  
  14  0:23  Probe (Chrono Boost)  
  15  0:38  Probe (Chrono Boost)  
  15  0:41  Gateway  
  16  0:49  Probe (Chrono Boost)  
  17  0:51  Assimilator  
  17  0:59  Probe (Chrono Boost)  
  18  1:10  Probe (Chrono Boost)  
  19  1:13  Gateway  
  19  1:18  Pylon  
  19  1:20  Probe (Chrono Boost)  
  21  1:36  Cybernetics Core  
Show
View Real Time Build Order
Export as new Build Order

Tenonee Protoss 

Build Orders:  

Get SALT Encoding   

  12  0:02  Probe (Chrono Boost)  
  13  0:13  Probe (Chrono Boost)  
  14  0:19  Pylon  
  14  0:23  Probe (Chrono Boost)  
  15  0:37  Probe (Chrono Boost)  
  16  0:48  Probe (Chrono Boost)  
  17  0:52  Gateway  
  17  0:58  Probe (Chrono Boost)  
  18  1:09  Probe (Chrono Boost)  
  19  1:20  Probe (Chrono Boost)  
Tags
 
Add a new tag
Caveats
  • Supply blocks, unpowered buildings, or Contaminate may cause inaccurate times.
  • Supply counts are checked every 10 seconds.